 Dungeon Crawl Stone Soup version 0.29.0-4-gdea44cf6ec (webtiles) character file.

Game seed: 12827647167229411916

235 qw the Chopper (level 6, -10/35 HPs)
             Began as a Tengu Warper on Aug 28, 2022.
             Killed by nerve-wracking pain
             ... invoked by an orc priest
              (14 damage)
             ... on level 4 of the Dungeon.
             The game lasted 00:00:25 (4388 turns).

qw the Chopper (Tengu Warper)                       Turns: 4388, Time: 00:00:25

Health: -10/35     AC: 14    Str: 11 (13) XL:     6   Next: 5%
Magic:  10/10      EV:  3    Int: 11 (13) God:
Gold:   142        SH:  3    Dex: 11 (14) Spells: 9/9 levels left

rFire   . . .      SeeInvis .   Y - +0 hand axe
rCold   . . .      Faith    .   k - +0 buckler
rNeg    . . .      Spirit   .   g - +0 plate armour
rPois   .          Reflect  .   (helmet restricted)
rElec   .          Harm     .   (no cloak)
rCorr   .          Rampage  .   d - +2 pair of gloves
Will    .....                   (boots unavailable)
Stlth   ..........              (no amulet)
HPRegen 0.11/turn               (no ring)
MPRegen 0.12/turn               (no ring)

@: flying quickly and evasively, quick
A: beak, talons 3, nimble flight
a: no special abilities


You were on level 4 of the Dungeon.
You visited 1 branch of the dungeon, and saw 4 of its levels.

You collected 142 gold pieces.


Innate Abilities, Weirdness & Mutations

You have a beak for a mouth.
You have claws for feet.
Your magical nature lets you fly swiftly and evasively.


   Skills:
 - Level 2.0 Fighting
 - Level 6.1 Axes
 - Level 1.0 Throwing
 + Level 2.5 Armour
 - Level 2.1 Dodging
 - Level 1.0 Shields
 - Level 2.0 Spellcasting
 - Level 2.4 Translocations


You had 9 spell levels left.
You didn't know any spells.
Your spell library contained the following spells:

 Spells                   Type           Power      Damage    Failure   Level
 Blink                    Tloc           12%        N/A       100%        2
 Gell's Gravitas          Tloc           6%         N/A       100%        3
 Lesser Beckoning         Tloc           6%         N/A       100%        3
 Teleport Other           Tloc           6%         N/A       100%        3
 Manifold Assault         Tloc           6%         N/A       100%        5

Inventory:

Hand Weapons
 o - a +0 flail
 Y - a +0 hand axe (weapon)
Missiles
 f - 5 boomerangs (quivered)
Armour
 a - a +1 chain mail of poison resistance
 d - a +2 pair of gloves (worn)
 g - a +0 plate armour (worn)
 k - a +0 buckler (worn)
Jewellery
 b - a +6 ring of intelligence
Scrolls
 c - a scroll of identify

Dungeon Overview and Level Annotations

Branches:
Dungeon (4/15)
 Temple: D:4-7

Altars:


Message History

You hit the orc priest but do no damage.
The orc priest is moderately wounded.
You closely miss the orc.
The orc priest hits you but does no damage.
You block the orc's attack.
You closely miss the orc priest.
You claw the orc priest, but do no damage.
You peck the orc priest, but do no damage.
The orc priest is moderately wounded.
You barely miss the orc.
The orc priest hits you with a +3 dagger of protection.
The orc hits you but does no damage.
You hit the orc priest. Your kick misses the orc priest.
The orc priest is severely wounded.
You hit the orc but do no damage.
The orc priest mumbles some strange prayers to Beogh against you.
Beogh smites you! The orc hits you with a +0 mace.
You hit the orc priest but do no damage.
You claw the orc priest, but do no damage.
Your peck misses the orc priest.
The orc priest is severely wounded.
You hit the orc.
The orc priest mumbles some strange prayers to Beogh against you.
Pain shoots through your body! The orc hits you but does no damage.
You hit the orc priest but do no damage.
You claw the orc priest, but do no damage.
Your peck misses the orc priest.
The orc priest is severely wounded.
You barely miss the orc.
The orc wizard casts a spell.
The orc wizard flickers and vanishes!
Deactivating autopickup; reactivate with Ctrl-A.
The orc priest hits you but does no damage.
The orc hits you with a +0 mace.
You barely miss the orc priest.
The orc priest is severely wounded.
You hit the orc but do no damage.
The orc priest invokes the aid of Beogh against you.
Pain shoots through your body!
You die...

....#.......{#.....#
...##...##.oo#.....#
...##...##...).....####
....#...#....#.........
....'...######....o...o
....#...#..............
....#...+..............
######+## #o###. .... #o@.#
.... #...######### ...>
#+####...........# ....
#................# ....
+................# ....
#................#
+##############...........#
...#....##...##...##......#
...#.........###+###...>..#


You could see an orc priest and an orc.

Vanquished Creatures
  Natasha (thrice) (D:2)
  An orc wizard (D:4)
  Ijyb (D:3)
  2 adders
  2 worms
  3 dart slugs
  5 orcs
  2 bats
  6 endoplasms
  3 giant cockroaches
  12 goblins
  4 hobgoblins
  6 jackals (D:2)
  2 quokkas
  8 ball pythons
  4 frilled lizards
  7 kobolds
  5 rats
76 creatures vanquished.

Notes
Turn   | Place    | Note
-------+----------+-------------------------------------------
     0 | D:1      | qw the Tengu Warper began the quest for the Orb.
     0 | D:1      | Reached XP level 1. HP: 12/12 MP: 4/4
     0 | D:1      | 0 ||| qw: Version: 0.1-a-89-g26bdef1
     0 | D:1      | 0 ||| qw: Game counter: 120
     0 | D:1      | 0 ||| qw: Always use a shield: true
     0 | D:1      | 0 ||| qw: God list: Okawaru
     0 | D:1      | 0 ||| qw: Allow faded altars: false
     0 | D:1      | 0 ||| qw: Do Orc after D:15 true
     0 | D:1      | 0 ||| qw: Do second Lair branch before Depths: true
     0 | D:1      | 0 ||| qw: Lair rune preference: random
     0 | D:1      | 0 ||| qw: Plans: Normal
     0 | D:1      | 0 ||| PLANNING D:1-11
    48 | D:1      | 48 ||| Stepping ~*~*~tactically~*~*~ (stealth).
    50 | D:1      | 50 ||| Stepping ~*~*~tactically~*~*~ (stealth).
    52 | D:1      | 52 ||| Stepping ~*~*~tactically~*~*~ (hiding).
   178 | D:1      | Reached XP level 2. HP: 17/17 MP: 6/6
   196 | D:1      | Reached skill level 3 in Axes
   294 | D:1      | 294 ||| DROPPING +0 club.
   721 | D:1      | Found a faded altar of an unknown god.
   880 | D:1      | 880 ||| DROPPING +0 mace.
   921 | D:1      | 921 ||| UPGRADING to +0 buckler.
   926 | D:1      | 926 ||| READING 2 scrolls labelled FOFARCHEGYNO.
   927 | D:1      | 927 ||| READING scroll labelled TIUMA TIAFFO.
   928 | D:1      | 928 ||| READING scroll labelled BEXZOT NOPICK.
   929 | D:1      | 929 ||| READING scroll labelled ETSUZX KANK.
   934 | D:1      | 934 ||| READING scroll labelled GIOCE DORE.
   935 | D:1      | 935 ||| READING scroll labelled EHIBRE PEIPOKO.
   936 | D:1      | 936 ||| DROPPING scroll of fear.
   937 | D:1      | 937 ||| DROPPING scroll of blinking.
   964 | D:2      | 964 ||| Stepping ~*~*~tactically~*~*~ (stealth).
   996 | D:2      | Reached XP level 3. HP: 12/21 MP: 7/7
  1122 | D:2      | 1122 ||| FLEEEEING.
  1123 | D:2      | 1123 ||| FLEEEEING.
  1133 | D:2      | Reached skill level 1 in Shields
  1233 | D:2      | 1233 ||| Stepping ~*~*~tactically~*~*~ (stealth).
  1245 | D:2      | 1245 ||| Stepping ~*~*~tactically~*~*~ (stealth).
  1315 | D:2      | 1315 ||| Stepping ~*~*~tactically~*~*~ (stealth).
  1731 | D:2      | Noticed Natasha
  1732 | D:2      | 1732 ||| Stepping ~*~*~tactically~*~*~ (hiding).
  1734 | D:2      | 1734 ||| Stepping ~*~*~tactically~*~*~ (hiding).
  1748 | D:2      | HP: 3/21 [Natasha (4)]
  1748 | D:2      | HP: 1/21 [crimson imp[Natasha] (2)]
  1749 | D:2      | Killed Natasha
  1750 | D:2      | Reached skill level 4 in Axes
  1750 | D:2      | Reached XP level 4. HP: 1/26 MP: 8/8
  1973 | D:2      | Noticed Natasha
  1974 | D:2      | 1974 ||| FLEEEEING.
  2007 | D:2      | Killed Natasha
  2076 | D:2      | Noticed Natasha
  2077 | D:2      | 2077 ||| Stepping ~*~*~tactically~*~*~ (stealth).
  2086 | D:2      | Killed Natasha
  2087 | D:2      | Reached skill level 5 in Axes
  2132 | D:2      | 2132 ||| FLEEEEING.
  2133 | D:2      | 2133 ||| FLEEEEING.
  2134 | D:2      | 2134 ||| FLEEEEING.
  2135 | D:2      | 2135 ||| STAIRDANCE
  2185 | D:1      | 2185 ||| UPGRADING to +2 pair of gloves.
  2193 | D:2      | Gained mutation: Your magical nature lets you fly swiftly
                  | and evasively. [Tengu growth]
  2193 | D:2      | Reached XP level 5. HP: 28/30 MP: 9/9
  2578 | D:3      | 2578 ||| Stepping ~*~*~tactically~*~*~ (hiding).
  2767 | D:3      | 2767 ||| Stepping ~*~*~tactically~*~*~ (stealth).
  2870 | D:3      | 2870 ||| Stepping ~*~*~tactically~*~*~ (stealth).
  2871 | D:3      | 2871 ||| Stepping ~*~*~tactically~*~*~ (stealth).
  3535 | D:3      | Noticed Ijyb
  3556 | D:3      | Killed Ijyb
  3557 | D:3      | Reached skill level 6 in Axes
  3664 | D:3      | 3664 ||| DROPPING +0 vorpal mace.
  3689 | D:3      | 3689 ||| UPGRADING to +0 plate armour.
  3699 | D:3      | 3699 ||| DROPPING +0 leather armour.
  3700 | D:3      | 3700 ||| READING 2 scrolls labelled QOTSYRR ASUSI.
  3701 | D:3      | 3701 ||| READING scroll labelled AMPUWAEQAI.
  3702 | D:3      | 3702 ||| READING scroll labelled VUPETR CEGGUF.
  3803 | D:3      | 3803 ||| DRINKING 2 dark potions.
  3804 | D:3      | 3804 ||| DRINKING 2 metallic golden potions.
  3831 | D:3      | 3831 ||| DROPPING potion of degeneration.
  3832 | D:3      | 3832 ||| DROPPING scroll of poison.
  3833 | D:3      | 3833 ||| DROPPING potion of lignification.
  3994 | D:4      | Reached XP level 6. HP: 35/35 MP: 10/10
  3994 | D:4      | 3994 ||| DRINKING potion of curing.
  3994 | D:4      | 3994 ||| (to cure confusion)
  4011 | D:4      | HP: 6/35 [orc priest/divine providence (9)]
  4012 | D:4      | 4012 ||| READING scroll of teleportation.
  4012 | D:4      | HP: 1/35 [orc/+0 mace (5)]
  4116 | D:4      | 4116 ||| Invisible monster not found???
  4374 | D:4      | 4374 ||| Stepping ~*~*~tactically~*~*~ (stealth).
  4376 | D:4      | 4376 ||| Stepping ~*~*~tactically~*~*~ (hiding).
  4377 | D:4      | 4377 ||| Stepping ~*~*~tactically~*~*~ (hiding).
  4386 | D:4      | HP: 5/35 [orc priest/nerve-wracking pain (4)]
  4388 | D:4      | Killed from afar by an orc priest

Levels and vault maps discovered:
D:1:      co_arrival_random_square_maze, layout_basic,
          dreamdust_ecumenical_altar_angels_and_demons,
          chequers_serial_rivers_marsh, lemuel_old_faithful
D:2:      minmay_alternating_diamond, layout_rooms, uniq_natasha
D:3:      layout_basic, uniq_ijyb
D:4:      layout_gridville, mainiacjoe_overflow_small_starburst

Skill      XL: |  1  2  3  4  5 |
---------------+----------------+-----
Axes           | 3 4 5 6 |  6.1
Shields        | 1 |  1.0
Armour         | 2 |  2.5
Fighting       | |  2.0
Throwing       | |  1.0
Dodging        | |  2.1
Spellcasting   | |  2.0
Translocations | |  2.4

Action                   |  1- 3 |  4- 6 || total
-------------------------+-------+-------++-------
Melee: Hand axe          |    71 |   105 ||   176
       Peck              |     9 |    12 ||    21
       Kick              |    22 |    31 ||    53
Throw: Boomerang         |     7 |    50 ||    57
  Use: Scroll            |     6 |     4 ||    10
       Potion            |       |     3 ||     3
Armor: Leather armour    |    15 |     7 ||    22
       Plate armour      |       |    44 ||    44
Dodge: Dodged            |    38 |    19 ||    57
Block: Buckler           |     5 |     9 ||    14

Table legend:
 A = Non-vault XP
 B = Vault XP
 C = Vault XP percentage of total XP
 D = Non-vault monster count
 E = Vault monster count
 F = Vault count percentage of total count
                 A         B        C        D         E       F
            +---------+---------+-------+---------+---------+-------
      Total |     261 |      75 |  22.3 |      70 |       6 |   7.9
            +---------+---------+-------+---------+---------+-------
        D:1 |      25 |       0 |   0.0 |      13 |       0 |   0.0
        D:2 |     108 |      42 |  28.0 |      25 |       5 |  16.7
        D:3 |      57 |      33 |  36.7 |      21 |       1 |   4.5
        D:4 |      71 |       0 |   0.0 |      11 |       0 |   0.0
            +---------+---------+-------+---------+---------+-------
